 Dungeon Crawl Stone Soup version 0.30-a0-800-g7c544603b3 (webtiles) character file.

Game seed: 18215862491031175135

56 Aneyh the Trooper (level 3, -1/24 HPs)
             Began as a Tengu Monk on Feb 21, 2023.
             Slain by a gnoll
             ... wielding a +0 halberd
              (10 damage)
             ... on level 2 of the Dungeon.
             The game lasted 00:01:58 (1079 turns).

Aneyh the Trooper (Tengu Monk)                      Turns: 1079, Time: 00:02:00

Health: -1/24      AC:  2    Str: 13    XL:     3   Next: 97%
Magic:  4/4        EV: 13    Int: 10    God:
Gold:   129        SH:  0    Dex: 16    Spells: 2/2 levels left

rFire   . . .      SeeInvis .    a - +0 spear
rCold   . . .      Faith    .    (no shield)
rNeg    . . .      Spirit   .    b - +0 robe
rPois   .          Reflect  .    (helmet restricted)
rElec   .          Harm     .    (no cloak)
rCorr   .          Rampage  .    (no gloves)
Will    .....                    (boots unavailable)
Stlth   +                        (no amulet)
HPRegen 0.24/turn                (no ring)
MPRegen 0.09/turn                (no ring)

@: confused, ambrosia-drunk
A: beak, talons 3
a: no special abilities


You were on level 2 of the Dungeon.
You visited 1 branch of the dungeon, and saw 2 of its levels.

You collected 129 gold pieces.

Inventory:

Hand Weapons
 a - a +0 spear (weapon)
 p - a +0 long sword
Missiles
 g - 4 javelins (quivered)
 m - 5 poisoned darts
Armour
 b - a +0 robe (worn)
 o - a +0 leather armour
Jewellery
 n - an amulet of faith
 q - a ring of poison resistance
Scrolls
 d - a scroll of fog {unknown}
 f - a scroll of immolation {unknown}
 i - 3 scrolls of fear {unknown}
 j - a scroll of poison {unknown}
Potions
 e - a potion of flight {unknown}
 h - a potion of haste {unknown}
 k - a potion of might {unknown}
 l - a potion of resistance {unknown}


   Skills:
 + Level 4.5 Fighting
 - Level 3.2 Polearms
 - Level 3.2 Dodging
 - Level 2.0 Stealth
 * Level 1.1 Summonings


You had 2 spell levels left.
You didn't know any spells.
Your spell library contained the following spells:

 Spells                   Type           Power      Damage    Failure   Level
 Summon Small Mammal      Summ           8%         N/A       24%         1
 Magic Dart               Conj           0%         1d3       36%         1
 Call Imp                 Summ           2%         N/A       36%         2
 Call Canine Familiar     Summ           2%         N/A       58%         3
 Summon Guardian Golem    Hex/Summ       1%         N/A       67%         3
 Mephitic Cloud           Conj/Pois/Air  0%         N/A       75%         3


Dungeon Overview and Level Annotations

Branches:
Dungeon (2/15)

Altars:


Innate Abilities, Weirdness & Mutations

You have a beak for a mouth.
You have claws for feet.


Message History

A gnoll is nearby!
A gnoll comes into view. It is wielding a +0 halberd.
A gnoll and a giant cockroach come into view.
Found 8 gold pieces.
The gnoll shouts! x2
A gnoll comes into view. It is wielding a +0 halberd.
The giant cockroach moves out of view.
You throw a javelin. The gnoll shouts! x2
The javelin pierces through the gnoll.
The gnoll is heavily wounded.
The javelin barely misses the gnoll.
The javelin pierces through the gnoll.
The gnoll is moderately wounded.
You throw a javelin. The javelin pierces through the gnoll.
The gnoll is heavily wounded.
The javelin pierces through the gnoll.
The gnoll is lightly wounded.
The javelin pierces through the gnoll.
The gnoll is lightly wounded.
The javelin pierces through the gnoll!
The gnoll is almost dead.
The gnoll hits you with a +0 flail!
You hit the gnoll but do no damage. Your kick misses the gnoll.
The gnoll is heavily wounded.
The gnoll barely misses you.
You closely miss the gnoll. You peck the gnoll, but do no damage.
The gnoll is heavily wounded.
The gnoll barely misses you.
You hit the gnoll but do no damage.
The gnoll is heavily wounded.
The gnoll closely misses you. The gnoll hits you with a +0 flail.
You completely miss the gnoll.
The gnoll is heavily wounded.
The gnoll hits you from afar with a +0 halberd!
* * * LOW HITPOINT WARNING * * *
The gnoll barely misses you.
You are confused.
You feel invigorated.
The gnoll hits you from afar with a +0 halberd!
You die...

#.########.#.##....)
#.# #.<...†.. #.#
#.#.#.... #.#
#.#...... #.#
#.#.##... #.#
#.####.#. #.# ###
#......#.
#.####g..#.#########
#..@ggg....( #
######B..#.# ..# $#
.. ##


You could see 4 gnolls and a giant cockroach.

Vanquished Creatures
  An adder (D:2)
  3 dart slugs (D:1)
  4 endoplasms
  2 giant cockroaches (D:1)
  4 goblins
  3 hobgoblins
  3 jackals (D:2)
  A quokka (D:1)
  4 ball pythons
  3 bats
  2 frilled lizards
  5 kobolds
  3 rats
38 creatures vanquished.

Notes
Turn   | Place    | Note
-------+----------+-------------------------------------------
     0 | D:1      | Aneyh the Tengu Monk began the quest for the Orb.
     0 | D:1      | Reached XP level 1. HP: 14/14 MP: 2/2
   121 | D:1      | Reached XP level 2. HP: 19/19 MP: 3/3
   218 | D:1      | Reached skill level 4 in Fighting
   304 | D:1      | Reached XP level 3. HP: 24/24 MP: 4/4
   868 | D:2      | Reached skill level 1 in Summonings
  1079 | D:2      | Slain by a gnoll

Illustrated notes

Levels and vault maps discovered:
D:1:      eino_arrival_water_star, layout_basic, minmay_tromino_v4_a
D:2:      layout_basic, uniq_terence

Skill      XL: |  1  2  3 |
---------------+----------+-----
Fighting       | 4 |  4.5
Summonings     | 1 |  1.1
Polearms       | |  3.2
Dodging        | |  3.2
Stealth        | |  2.0

Action                     || total
---------------------------++-------
  Melee: Spear             ||   100
         Kick              ||    23
         Peck              ||    12
         Punch             ||     2
  Throw: Javelin           ||     2
    Use: Potion            ||     1
   Stab: Sleeping          ||     7
         Distracted        ||     1
 Armour: Robe              ||     6
  Dodge: Dodged            ||    36

Table legend: (Time is in decaauts)
 A = Elapsed time spent in this place.
 B = Non-inter-level travel time spent in this place.
 C = Inter-level travel time spent in this place.
 D = Time resting spent in this place.
 E = Time spent auto-exploring this place.
 F = Levels seen in this place.
 G = Mean time per level.
                   A        B        C        D        E       F      G
               +--------+--------+--------+--------+--------+-----+--------+
         Total |   1075 |   1056 |     19 |     35 |    778 |   2 |  537.5 |
       Dungeon |   1075 |   1056 |     19 |     35 |    778 |   2 |  537.5 |
               +--------+--------+--------+--------+--------+-----+--------+

Top non-repeatable levels by time:
     D:1: 695 daAuts
     D:2: 380 daAuts
